Match 46219807
Unlisted

Match 46219807
End
Selects Heavy Weapons
Construct Weapon Support Center
Scout Squad
M1919 Machine Gun Team
M1919 Machine Gun Team
Engineer Squad
Bazooka Squad
Mechanized Support Center
Selects M2HB .50cal Heavy Machine Gun
.30 cal Machine Gun
M3 Armored Personnel Carrier
Engineer Squad
Construct Tank Depot
Bazooka Squad
M4A1 Sherman Medium Tank
Selects Assault Carriers
Selects Halftrack Strongpoints
Improved M9 Bazooka Rockets
M4A1 Sherman Medium Tank
M4A1 76mm Conversion
Improvised Armor
Bazooka Squad
.30 cal Machine Gun
M4A1(76) Sherman Medium Tank
.30 cal Machine Gun
Selects M26 Pershing Heavy Tank
M26 Pershing Heavy Tank
Construct Barracks
Engineer Squad
Designate Forward Repair Station
Bazooka Squad
Selects Rapid Reposition
Rapid Repairs
Selects Bolstered Team Weapons
Salvage Crew
M1919 Machine Gun Team
Engineer Squad
Macho Man Randy Savage
Thien
kebabsson
GhostDePhantom
Bebbo
Gernhardt Reinlunzen
Bartolomeus
kuenhei126
0
0

Comments sign in to comment!

No comments posted yet!